 Dungeon Crawl Stone Soup version 0.20.0 (webtiles) character file.

599 Llamajah the Shield-Bearer (level 7, -2/55 HPs)
             Began as a Formicid Fighter on July 24, 2017.
             Killed by divine providence
             ... invoked by an orc priest
              (11 damage)
             ... on level 4 of the Dungeon.
             The game lasted 00:09:00 (2985 turns).

Llamajah the Shield-Bearer (Formicid Fighter)       Turns: 2985, Time: 00:09:01

Health: -2/55      AC:  8    Str: 22      XL:     7   Next: 68%
Magic:  0/7        EV: 10    Int:  8      God:
Gold:   197        SH: 10    Dex:  7 (10) Spells: 6/6 levels left

rFire    . . .     SeeInvis +   a - +0 war axe
rCold    . . .     Gourm    .   c - +0 shield
rNeg     . . .     Faith    .   b - +0 scale mail
rPois    .         Spirit   +   (helmet unavailable)
rElec    .         Reflect  .   B - +0 cloak
rCorr    .         Harm     .   (no gloves)
MR       .....                  (no boots)
Stlth    ..........             j - amulet of guardian spirit
Regen    0.2/turn               (no ring)
MPRegen  0.1/turn               (no ring)

@: no status effects
A: permanent stasis, dig shafts and tunnels, four strong arms, antennae 3
a: Dig, Shaft Self


You were on level 4 of the Dungeon.
You were not hungry.

You visited 1 branch of the dungeon, and saw 4 of its levels.

You collected 197 gold pieces.

Inventory:

Hand Weapons
 a - a +0 war axe (weapon)
 x - a +0 hunting sling
Armour
 b - a +0 scale mail (worn)
 c - a +0 shield (worn)
 B - a +0 cloak (worn)
Jewellery
 j - an amulet of guardian spirit (around neck)
Wands
 C - a wand of confusion (23/48)
Scrolls
 f - 2 scrolls of teleportation {unknown}
 g - a scroll of enchant weapon {unknown}
 l - a scroll of fear {unknown}
 m - 3 scrolls of amnesia {unknown}
 n - 2 scrolls of identify {unknown}
 t - a scroll of remove curse {unknown}
 u - 3 scrolls of immolation {unknown}
 y - a scroll of magic mapping {unknown}
 z - a scroll of noise {unknown}
Potions
 e - a potion of invisibility {unknown}
 i - a potion of agility {unknown}
 k - 4 potions of curing {unknown}
 q - 2 potions of haste {unknown}
 r - a potion of flight {unknown}
 v - a potion of magic {unknown}
 w - a potion of degeneration {unknown}
 A - a potion of lignification {unknown}
Comestibles
 d - 2 chunks of flesh
 h - 2 royal jellies
 o - 3 bread rations
 p - 2 meat rations
 s - 5 fruits


   Skills:
 + Level 4.6 Fighting
 + Level 3.2 Axes
 + Level 1.0 Slings
 * Level 5.1 Armour
 * Level 3.0 Dodging
 * Level 5.9 Shields


You had 6 spell levels left.
You didn't know any spells.

Dungeon Overview and Level Annotations

Branches:
Dungeon (4/15)
 Temple: D:4-7

Altars:


Innate Abilities, Weirdness & Mutations

You cannot be hasted, slowed, berserked, paralysed or teleported.
You can dig through walls and to a lower floor.
Your four strong arms can wield two-handed weapons with a shield.
You have a pair of large antennae on your head. (SInv)


Message History

You are too injured to fight recklessly!
You are too injured to fight recklessly!
Unknown command.
You barely miss the orc.
The orc priest mumbles some strange prayers to Beogh against you.
Beogh smites you!
* * * LOW HITPOINT WARNING * * *
You block the orc's attack.
You closely miss the orc. The orc hits you with a flail.
* * * LOW HITPOINT WARNING * * *
The orc hits you with a flail.
* * * LOW HITPOINT WARNING * * *
You closely miss the orc. The orc hits you with a flail.
* * * LOW HITPOINT WARNING * * *
You barely miss the orc. The orc barely misses you.
You hit the orc.
The orc is moderately wounded.
The orc priest mumbles some strange prayers to Beogh against you.
Beogh smites you!
You die...

#.# #..#
#.# #..#
#.#
#..#######
#.#
#.........
#.#
#.########
#.#
#.########
..#
#........#
########.#
#@# #o#


.oo ....# .#...# ..##..# .# ...# $# ###. You could see an orc priest and 2 orcs.

Vanquished Creatures
  Sigmund (D:2)
  Eustachio (D:4)
  2 orc priests
  Crazy Yiuf (D:3)
  Ijyb (D:4)
  An orc wizard (D:3)
  4 adders
  2 oozes
  3 worms (D:3)
  3 dart slugs
  3 leopard geckos
  19 orcs
  3 giant cockroaches
  4 goblins
  8 hobgoblins
  3 jackals (D:2)
  A quokka (D:3)
  A ball python (D:1)
  7 bats
  2 frilled lizards
  5 kobolds
  5 rats
80 creatures vanquished.

Vanquished Creatures (others)
  A rat (D:1)
1 creature vanquished.

Grand Total: 81 creatures vanquished

Notes
Turn   | Place    | Note
-------+----------+-------------------------------------------
     0 | D:1      | Llamajah the Formicid Fighter began the quest for the Orb.
     0 | D:1      | Reached XP level 1. HP: 18/18 MP: 1/1
    38 | D:1      | Reached XP level 2. HP: 20/24 MP: 2/2
   162 | D:1      | Reached skill level 1 in Dodging
   195 | D:1      | Reached XP level 3. HP: 25/29 MP: 3/3
   623 | D:2      | Noticed Sigmund
   656 | D:2      | Killed Sigmund
   656 | D:2      | Reached XP level 4. HP: 16/37 MP: 2/4
   656 | D:2      | Reached XP level 5. HP: 18/42 MP: 2/5
   881 | D:2      | Reached XP level 6. HP: 48/48 MP: 6/6
   927 | D:2      | Reached skill level 5 in Shields
  2271 | D:3      | Reached XP level 7. HP: 41/54 MP: 5/7
  2501 | D:3      | Found a runed door.
  2505 | D:3      | Noticed Crazy Yiuf
  2511 | D:3      | Killed Crazy Yiuf
  2581 | D:4      | Noticed Ijyb
  2584 | D:4      | Noticed Eustachio
  2612 | D:4      | Killed Ijyb
  2925 | D:4      | Killed Eustachio
  2925 | D:4      | Reached skill level 1 in Slings
  2925 | D:4      | Reached skill level 5 in Armour
  2985 | D:4      | Killed from afar by an orc priest

Skill      XL: |  1  2  3  4  5  6  7 |
---------------+----------------------+-----
Dodging        | 1 2 3 |  3.0
Shields        | 4 5 |  5.9
Armour         | 4 5 |  5.1
Fighting       | 4 |  4.6
Axes           | 3 |  3.2
Slings         | 1 |  1.0

Action                   |  1- 3 |  4- 6 |  7- 9 || total
-------------------------+-------+-------+-------++-------
Melee: War axe           |    58 |   189 |   119 ||   366
  Use: Potion            |     1 |       |     1 ||     2
  Eat: Bread ration      |     1 |       |       ||     1
       Chunk             |       |       |     3 ||     3
Armor: Scale mail        |    25 |    71 |   105 ||   201
Dodge: Dodged            |    18 |    75 |   100 ||   193
Block: Shield            |    25 |   128 |    77 ||   230
